AoeStats
← 出軌對象

Black Forest

506110551Analyzed
2v2 RM · 20d ago on Sep 12, 2026· 44m 29s· 4 players
Game mode
Random Map
Map size
Medium (4 player)
Population
200
Speed
Normal
Resources
Standard
Victory
Conquest
Starting age
Dark Age
Ending age
Imperial Age
RankedLock teamsTeams togetherTeam positionsShared explorationLock speedFull tech treeHidden civsTurbo modeCheats
Victory
Defeat
🇭🇰 Jurchens · Hong Kong SAR China
817
+14
🇭🇰 Bulgarians · Hong Kong SAR China
817
+14
🇮🇱 Koreans · Israel
785
-14
🇪🇸 Bengalis · Spain
779
-14
ibrahim-ND
10:19 Loom
12:20 Feudal Age
13:46 Double-Bit Axe
15:16 Horse Collar
22:03 Castle Age
20:33 Gold Mining
23:34 Crossbowman
24:14 Fletching
25:13 Heavy Plow
25:41 Bow Saw
27:37 Wheelbarrow
28:14 Stone Mining
29:04 Gold Shaft Mining
27:56 Elite Skirmisher
30:19 Stone Shaft Mining
31:33 Husbandry
30:55 Light Cavalry
32:51 Forging
33:01 Town Watch
33:48 Ballistics
33:40 Thumb Ring
33:52 Squires
36:42 Caravan
37:09 Hand Cart
37:11 Town Patrol
37:40 Arson
37:41 Gambesons
39:17 Bodkin Arrow
43:46 Imperial Age
43:22 Iron Casting
42:53 Scale Barding Armor
44:01 Arbalester
44:05 Cavalier
guerras90
13:43 Feudal Age
20:21 Castle Age
19:17 Man-at-Arms
20:48 Stone Mining
20:50 Gold Mining
22:16 Gambesons
24:23 Long Swordsman
25:54 Fletching
26:13 Horse Collar
27:06 Padded Archer Armor
27:55 Squires
28:58 Leather Archer Armor
29:17 Ballistics
29:13 Heavy Plow
30:40 Murder Holes
30:59 Fishing Lines
32:19 Gold Shaft Mining
32:50 Scale Barding Armor
32:41 Bodkin Arrow
34:04 Wheelbarrow
33:15 Loom
34:28 Paiks
40:00 Imperial Age
37:48 Hand Cart
37:15 Pikeman
38:12 Scale Mail Armor
38:23 Forging
38:34 Chain Barding Armor
37:59 Treadmill Crane
38:30 Masonry
40:14 Elite Ratha (Ranged)
41:18 Mahayana
40:50 Elite Elephant Archer
41:38 Bracer
42:09 Ring Archer Armor
42:49 Chemistry
42:23 Two-Handed Swordsman
出軌對象
4:21 Loom
12:21 Feudal Age
12:55 Feudal Age
13:34 Double-Bit Axe
13:31 Horse Collar
16:21 Wheelbarrow
18:00 Scale Barding Armor
18:06 Gold Mining
21:03 Castle Age
20:01 Stone Mining
22:27 Bow Saw
23:11 Chain Barding Armor
24:04 Hand Cart
24:30 Hand Cart
24:26 Heavy Plow
27:32 Forging
28:43 Gold Shaft Mining
30:36 Iron Casting
30:52 Caravan
32:37 Squires
32:22 Arson
31:58 Pikeman
32:58 Husbandry
33:09 Bloodlines
32:56 Stirrups
34:17 Ballistics
35:03 Scale Mail Armor
38:33 Imperial Age
39:48 Town Watch
39:32 Halberdier
41:24 Blast Furnace
40:40 Chain Mail Armor
41:00 Plate Barding Armor
40:17 Fletching
41:10 Crop Rotation
41:13 Conscription
40:15 Elite Konnik
41:12 Town Patrol
41:29 Masonry
別急
12:22 Feudal Age
13:00 Horse Collar
13:07 Double-Bit Axe
18:54 Castle Age
18:30 Scale Barding Armor
19:18 Forging
20:36 Bow Saw
35:05 Heavy Plow
39:55 Imperial Age
40:11 Heavy Rocket Cart
41:44 Husbandry
41:56 Bloodlines
Connection lost

Rejoining the realm…

Still unreachable

The connection could not be restored.

Session expired

The server has moved on; the page needs a fresh start.